 Dungeon Crawl Stone Soup version 0.17-a0-931-g11a8995 (webtiles) character file.

34918 abixa the Brawler (level 13, -6/127 HPs)
             Began as a Troll Monk on May 5, 2015.
             Was the Champion of Okawaru.
             Mangled by a hellwing (10 damage)
             ... summoned by an orc sorcerer
             ... while paralysed by an orc sorcerer
             ... on level 4 of the Orcish Mines.
             The game lasted 01:11:37 (16938 turns).

abixa the Brawler (Troll Monk)                     Turns: 16938, Time: 01:11:37

Health: -6/127     AC: 11    Str: 22    XL:     13   Next: 44%
Magic:  12/12      EV:  1    Int: 10    God:    Okawaru [******]
Gold:   1753       SH:  0    Dex: 12    Spells: 0 memorised, 12 levels left

rFire  x . .     SeeInvis .       - Unarmed
rCold  + + +     Clarity  .     S - +2 robe {rC+}
rNeg   + . .     SustAb   .     x - +1 large shield {AC+3}
rPois  .         Gourm    +     (helmet restricted)
rElec  .         Spirit   .     Q - +0 cloak
rCorr  .         Warding  +     (gloves unavailable)
rMut   .         Stasis   .     (boots unavailable)
MR     .....                    e - amulet of warding
Stlth  ++........               R - ring of ice
                                h - ring of protection from cold

@: paralysed, studying Ice Magic, drained, not resistant to hostile
enchantments, unstealthy
A: unfitting armour, claws 3, fast metabolism 3, gourmand, regeneration 2,
shaggy fur 1, tough skin 2
a: Heroism, Finesse, Renounce Religion


You were on level 4 of the Orcish Mines.
You worshipped Okawaru.
Okawaru was exalted by your worship.
You were very full.

You visited 4 branches of the dungeon, and saw 19 of its levels.
You also visited: Ice Cave.

You collected 1753 gold pieces.

Inventory:

Hand weapons
 b - a +0 blowgun
 n - a +0 spear
 r - a +2 dagger of venom
Missiles
 d - 286 stones
 o - 7 needles of sleeping
 w - 29 tomahawks (quivered)
 E - 61 poisoned needles
 H - 15 poisoned tomahawks
Armour
 c - the +0 robe of Integrity {rN+ MR+ MP+9, unknown}
   (Okawaru gifted it to you on level 4 of the Orcish Mines)

   It protects you from negative energy.
   It affects your resistance to hostile enchantments.
   It affects your magic capacity (+9).
 g - the +1 robe "Reapt" {rElec}
   (Okawaru gifted it to you on level 2 of the Lair of Beasts)

   It insulates you from electricity.
 x - a +1 large shield of protection (worn)
 G - a +2 robe of cold resistance
 Q - a +0 cloak (worn)
 S - a +2 robe of cold resistance (worn)
Jewellery
 e - an amulet of warding (around neck)
 h - a ring of protection from cold (left claw)
 q - a +3 ring of protection
 u - an uncursed ring of flight
 y - an uncursed ring of see invisible
 I - a +4 ring of protection
 R - a ring of ice (right claw)
Magical devices
 k - a wand of frost (32)
 s - a wand of frost (23)
 v - a wand of flame (15)
 D - a wand of frost (26)
 U - a wand of enslavement (9)
Scrolls
 a - 4 scrolls of fear
 f - 5 scrolls of remove curse
 l - 9 scrolls of teleportation
 B - 4 scrolls of magic mapping
Potions
 i - 5 potions of curing
 j - 5 potions of haste
 m - 3 potions of lignification
 t - 3 potions of flight
 z - 2 potions of agility
 F - 2 potions of invisibility
 J - 3 potions of might
Books
 A - a manual of Ice Magic
 C - a manual of Ice Magic
Comestibles
 p - 31 fruits


   Skills:
 - Level 8.0(7.9) Fighting
 - Level 2.4(2.3) Dodging
 - Level 1.1(1.0) Stealth
 + Level 10.9(10.8) Shields
 + Level 16.6(16.4) Unarmed Combat
 - Level 1.0 Invocations


You had 12 spell levels left.
You didn't know any spells.

Dungeon Overview and Level Annotations

Branches:
Dungeon (11/15)            Temple (1/1) D:6            Lair (3/8) D:11
  Snake (0/4) Lair:3          Orc (4/4) D:9
  Swamp: Lair:3-6    Shoals: Lair:3-6       Elf: Orc:3-4

Altars:
Ashenzari
Cheibriados
Dithmenos
Elyvilon
Fedhas
Gozag
Kikubaaqudgha
Makhleb
Nemelex Xobeh
Okawaru
Qazlal
Ru
Sif Muna
Trog
Vehumet
Xom
Yredelemnul
Zin
The Shining One
Beogh
Lugonu

Shops:
D:9 :

Annotations:
D:3 !disint for scroll


Innate Abilities, Weirdness & Mutations

You are too large for most types of armour.
You have claws for hands.
Your metabolism is lightning-fast.
You like to eat raw meat.
You heal very quickly.
You are covered in fur (AC +1).
You have very tough skin (AC +2).


Message History

The orc hits you but does no damage.
The hellwing's attack is warded away.
The hellwing hits you!
* * * LOW HITPOINT WARNING * * *
The orc sorcerer hits you but does no damage.
The sixfirhy hits you but does no damage.
The sixfirhy hits you.
* * * LOW HITPOINT WARNING * * *
The sixfirhy shocks you!
* * * LOW HITPOINT WARNING * * *
The sixfirhy hits you.
* * * LOW HITPOINT WARNING * * *
The sixfirhy shocks you!
* * * LOW HITPOINT WARNING * * *
The sixfirhy hits you but does no damage.
The orc hits you with a dagger.
* * * LOW HITPOINT WARNING * * *
The orc hits you from afar with a trident.
* * * LOW HITPOINT WARNING * * *
The hellwing's attack is warded away.
The hellwing hits you!
You die...

+***+**8,#.............,,,,,,**,,,*
,,*,,,**##..)...........,,,,****,**
,,*,,,* #.........#....,,,,*,*****
,,*,,,*##........##*,,*,,,,,,,*
########.........# *****,,,*,**
.................## *,,,,***
#.............#...### **,,**
#..........#..)oo##.## ****
##........##...$4@...#**
#.........#....4o#.##.##
##..#$...........#......#
#.............$.###....##
##..#........#...####.##
#####...............,.#
##.#..#########.,,#**
####.#*,,+,,,*,,,,,**
#.#,,,*,8,*,,,,,,*


You could see a hellwing, a sixfirhy, an orc sorcerer (bleeding) and 2 orcs.

Vanquished Creatures
  The ghost of DEFE the Grappler, a powerful TrMo of Cheibriados (Orc:3)
  Fannar (D:10)
  A hydra (Lair:1)
  A queen ant (Lair:3)
  An ice statue (IceCv)
  2 orc knights
  An orc sorcerer (Orc:4)
  A necromancer (IceCv)
  3 hill giants
  2 griffons (Lair:3)
  A centaur zombie (D:10)
  An elephant (Lair:3)
  4 black mambas
  2 spiny frogs
  3 komodo dragons
  A gargoyle (D:10)
  The ghost of Jet the Ducker, an experienced OpFi of Dithmenos (D:5)
  A fire drake (Lair:2)
  3 trolls (D:11)
  A wolf spider simulacrum (IceCv)
  A two-headed ogre (Orc:3)
  10 freezing wraiths (IceCv)
  Prince Ribbit (D:4)
  A trapdoor spider zombie (D:11)
  Sigmund (D:2)
  5 blink frogs (Lair:2)
  A human (D:7)
  A wyvern (D:8)
  11 yaks
  3 hungry ghosts
  8 hippogriffs
  8 wolves
  12 soldier ants
  A death yak simulacrum (IceCv)
  5 wargs
  6 water moccasins
  A porcupine (Lair:2)
  6 sky beasts
  A black bear (D:10)
  2 phantoms
  17 orc warriors
  15 ice beasts
  11 ogres
  2 necrophages
  5 big kobolds
  4 crocodiles
  A brain worm (D:11)
  A centaur (D:9)
  8 giant frogs
  A gnoll sergeant (Orc:3)
  A water moccasin skeleton (D:7)
  15 killer bees
  A scorpion (D:9)
  4 electric eels
  5 wights (D:6)
  2 elephant simulacra (IceCv)
  A quasit (D:6)
  3 crimson imps
  2 jellies
  5 draconian simulacra (IceCv)
  24 orc priests
  27 orc wizards
  3 iguanas
  7 hounds
  Jessica (D:2)
  A giant frog skeleton (D:6)
  2 troll simulacra (IceCv)
  38 worker ants
  2 centaur simulacra (IceCv)
  9 sheep
  3 spriggan simulacra (IceCv)
  2 hound zombies
  4 hound skeletons
  20 gnolls
  A worker ant zombie (D:5)
  4 ogre simulacra (IceCv)
  9 adders
  4 naga simulacra (IceCv)
  22 river rats
  12 white imps (IceCv)
  2 shadow imps
  An ooze (D:5)
  An adder skeleton (D:4)
  2 worms
  6 giant geckos
  181 orcs
  13 bats
  2 bat skeletons
  A bat zombie (D:6)
  3 giant cockroaches
  23 goblins
  26 hobgoblins
  15 jackals
  3 quokkas
  3 ball pythons
  A giant gecko skeleton (D:4)
  4 giant newts
  35 kobolds
  15 rats
  2 ballistomycetes (D:10)
  A plant (Lair:3)
756 creatures vanquished.

Vanquished Creatures (others)
  A bat (D:10)
  2 jackals (D:9)
  A giant spore (D:10)
  A fungus (Lair:1)
  8 toadstools (Lair:3)
13 creatures vanquished.

Grand Total: 769 creatures vanquished

Notes
Turn   | Place    | Note
--------------------------------------------------------------
     0 | D:1      | abixa, the Troll Monk, began the quest for the Orb.
     0 | D:1      | Reached XP level 1. HP: 22/22 MP: 0/0
    86 | D:1      | Reached XP level 2. HP: 27/29 MP: 1/1
   441 | D:1      | Reached skill level 5 in Unarmed Combat
   509 | D:1      | Reached XP level 3. HP: 36/36 MP: 2/2
   685 | D:2      | Reached XP level 4. HP: 42/44 MP: 3/3
   902 | D:2      | Noticed Sigmund
   940 | D:2      | Killed Sigmund
   940 | D:2      | Reached skill level 7 in Unarmed Combat
   940 | D:2      | Reached XP level 5. HP: 25/50 MP: 4/4
  1025 | D:2      | Found a burning altar of Makhleb.
  1026 | D:2      | Found a stormy altar of Qazlal.
  1297 | D:2      | Reached XP level 6. HP: 57/59 MP: 5/5
  1387 | D:2      | Noticed Jessica
  1390 | D:2      | Killed Jessica
  1789 | D:3      | Found a basalt altar of Yredelemnul.
  1930 | D:3      | Found a shattered altar of Ashenzari.
  2284 | D:4      | Reached skill level 8 in Unarmed Combat
  2346 | D:4      | Found a snail-covered altar of Cheibriados.
  2448 | D:4      | Reached XP level 7. HP: 66/66 MP: 6/6
  2896 | D:5      | Entered Level 5 of the Dungeon
  2954 | D:5      | Noticed Prince Ribbit
  3208 | D:4      | Killed Prince Ribbit
  3301 | D:5      | Got a scorched dagger
  3321 | D:5      | Reached skill level 9 in Unarmed Combat
  3440 | D:5      | Found a blossoming altar of Fedhas.
  3523 | D:5      | Reached XP level 8. HP: 73/78 MP: 7/7
  3657 | D:5      | Noticed Jet's ghost (experienced OpFi)
  3670 | D:5      | Killed Jet's ghost
  3670 | D:5      | Reached skill level 5 in Fighting
  3670 | D:5      | Reached skill level 10 in Unarmed Combat
  4307 | D:6      | Found a staircase to the Ecumenical Temple.
  4314 | Temple   | Entered the Ecumenical Temple
  4372 | D:6      | Found an ancient bone altar of Kikubaaqudgha.
  4372 | D:6      | Found an opulent altar of Gozag.
  4608 | D:6      | Reached XP level 9. HP: 82/89 MP: 8/8
  5220 | D:7      | Found a bloodstained altar of Trog.
  5261 | D:7      | Found a shadowy altar of Dithmenos.
  5264 | D:7      | Found an iron altar of Okawaru.
  5264 | D:7      | Found a radiant altar of Vehumet.
  5264 | D:7      | Found a white marble altar of Elyvilon.
  5271 | D:7      | Became a worshipper of Warmaster Okawaru
  5271 | D:7      | Acquired Okawaru's first power
  5393 | D:7      | Reached skill level 11 in Unarmed Combat
  5597 | D:7      | Found a burning altar of Makhleb.
  6224 | D:9      | Reached skill level 12 in Unarmed Combat
  6386 | D:9      | Found Oguts's Book Shop.
  6392 | D:9      | Reached XP level 10. HP: 102/102 MP: 9/9
  6569 | D:9      | Noticed an ogre mage
  6687 | D:9      | Found a staircase to the Orcish Mines.
  6743 | D:9      | Found a roughly hewn altar of Beogh.
  6963 | D:9      | Paralysed by an ogre mage for 5 turns
  6979 | D:9      | Paralysed by an ogre mage for 4 turns
  7042 | D:10     | Entered Level 10 of the Dungeon
  7042 | D:10     | Noticed Fannar
  7056 | D:10     | Killed Fannar
  7333 | D:10     | Reached skill level 1 in Invocations
  7384 | D:10     | Found a staircase to the Orcish Mines.
  7423 | D:10     | Reached skill level 13 in Unarmed Combat
  7769 | D:10     | Acquired Okawaru's second power
  7867 | D:10     | Reached skill level 14 in Unarmed Combat
  7942 | D:10     | Noticed a hill giant
  8019 | D:11     | Reached XP level 11. HP: 109/111 MP: 10/10
  8347 | D:11     | Received a gift from Okawaru
  8357 | D:11     | Got a fine giant spiked club {god gift}
  8454 | D:11     | Found a staircase to the Lair.
  8506 | D:11     | Noticed a hill giant
  8511 | D:11     | Killed a hill giant
  8675 | D:11     | Reached skill level 15 in Unarmed Combat
  8847 | D:11     | Noticed a hill giant
  8852 | D:11     | Killed a hill giant
  8868 | Lair:1   | Entered Level 1 of the Lair of Beasts
  9898 | Orc:1    | Entered Level 1 of the Orcish Mines
 10407 | Orc:2    | Received a gift from Okawaru
 10521 | Orc:2    | Reached skill level 1 in Shields
 10974 | Orc:1    | Found a roughly hewn altar of Beogh.
 11150 | Orc:3    | Noticed DEFE's ghost (powerful TrMo)
 11776 | D:9      | Paralysed by an ogre mage for 6 turns
 11936 | D:10     | Killed a hill giant
 12126 | Lair:1   | Reached XP level 12. HP: 101/119 MP: 11/11
 12230 | Lair:1   | Noticed an eight-headed hydra
 12230 | Lair:1   | Reached skill level 5 in Shields
 12240 | Lair:1   | Killed a ten-headed hydra
 12643 | Lair:1   | Noticed a seven-headed hydra
 13165 | Lair:2   | Received a gift from Okawaru
 13168 | Lair:2   | Got a transparent robe {god gift}
 14012 | Lair:3   | Noticed a five-headed hydra
 14333 | Lair:3   | Found a staircase to the Snake Pit.
 14437 | Lair:3   | Reached skill level 10 in Shields
 14578 | Lair:3   | Noticed a five-headed hydra
 14707 | Lair:2   | Identified the +1 robe "Reapt" {rElec} (Okawaru gifted it to you on level 2 of the Lair of Beasts)
 14941 | Orc:3    | Reached skill level 16 in Unarmed Combat
 14941 | Orc:3    | Reached XP level 13. HP: 97/127 MP: 12/12
 15203 | Orc:3    | Killed DEFE's ghost
 15457 | Orc:4    | Entered Level 4 of the Orcish Mines
 15623 | Orc:4    | Found a frozen archway.
 15643 | Orc:4    | Received a gift from Okawaru
 15659 | Orc:4    | Got a shimmering robe {god gift}
 15669 | IceCv    | Entered an ice cave
 16192 | IceCv    | Found an ancient bone altar of Kikubaaqudgha.
 16932 | Orc:4    | Paralysed by an orc sorcerer for 7 turns
 16938 | Orc:4    | HP: 4/127 [orc/trident (6)]
 16938 | Orc:4    | Mangled by a hellwing

Action                   |  1- 3 |  4- 6 |  7- 9 | 10-12 | 13-15 || total
-------------------------+-------+-------+-------+-------+-------++-------
Melee: Unarmed           |    85 |   166 |   370 |  1092 |   419 ||  2132
       Dagger            |       |       |       |     7 |       ||     7
Throw: Stone             |       |     8 |    22 |     9 |       ||    39
       Tomahawk          |       |       |    26 |    26 |    14 ||    66
Evoke: Wand              |       |       |       |     4 |       ||     4
  Use: Scroll            |       |       |       |    14 |     1 ||    15
 Stab: Sleeping          |     1 |     1 |     4 |     1 |       ||     7
       Paralysed         |       |       |       |     2 |       ||     2
  Eat: Chunk             |    12 |    16 |    36 |    79 |    17 ||   160
